AoeStats
← TIMVP

Arena

509810706Analyzed
2v2 RM · 3d ago on Sep 28, 2026· 59m 44s· 4 players
Game mode
Random Map
Map size
Medium (4 player)
Population
200
Speed
Normal
Resources
Standard
Victory
Conquest
Starting age
Dark Age
Ending age
Imperial Age
RankedLock teamsTeams togetherTeam positionsShared explorationLock speedFull tech treeHidden civsTurbo modeCheats
Victory
Defeat
🇵🇪 Danes · Peru
773
+20
🇵🇪 Vikings · Peru
751
+21
🇻🇪 Lithuanians · Venezuela
892
-21
🇹🇼 Goths · Taiwan
839
-20
f55555k
11:52 Feudal Age
12:42 Double-Bit Axe
14:58 Horse Collar
22:28 Castle Age
21:38 Stone Mining
21:42 Gold Mining
21:17 Man-at-Arms
21:52 Fletching
22:24 Forging
23:49 Bodkin Arrow
24:41 Bow Saw
24:57 Heavy Plow
25:23 Long Swordsman
26:07 Squires
33:45 Imperial Age
31:13 Pikeman
32:31 Iron Casting
34:53 Two-Handed Swordsman
36:34 Wheelbarrow
37:45 Chemistry
37:49 Blast Furnace
36:15 Halberdier
47:29 Hand Cart
47:59 Ballistics
Osuna30
10:30 Feudal Age
16:34 Castle Age
14:52 Double-Bit Axe
15:21 Horse Collar
16:39 Forging
19:58 Loom
21:20 Bloodlines
22:48 Gold Mining
26:31 Scale Barding Armor
26:34 Husbandry
29:37 Wheelbarrow
29:28 Treadmill Crane
30:03 Heavy Plow
30:58 Bow Saw
30:38 Town Watch
34:20 Imperial Age
31:19 Elite Skirmisher
32:54 Ballistics
33:22 Hand Cart
34:09 Iron Casting
33:35 Light Cavalry
34:40 Masonry
34:37 Stone Mining
35:24 Conscription
34:52 Cavalier
35:56 Chain Barding Armor
36:59 Chemistry
37:24 Thumb Ring
37:54 Fletching
39:51 Two-Man Saw
38:54 Padded Archer Armor
38:59 Bodkin Arrow
40:12 Tower Shields
40:46 Leather Archer Armor
39:57 Winged Hussar
42:19 Paladin
44:26 Bracer
45:57 Plate Barding Armor
TIMVP
1:04 Loom
12:04 Feudal Age
12:31 Double-Bit Axe
13:45 Wheelbarrow
17:32 Horse Collar
21:36 Castle Age
20:42 Gold Mining
22:46 Hand Cart
22:59 Hand Cart
23:04 Heavy Plow
27:15 Scale Mail Armor
32:29 Imperial Age
30:40 Gold Shaft Mining
30:14 Pikeman
30:56 Squires
31:28 Hamask
32:57 Chain Mail Armor
34:56 Elite Jomsviking
36:33 Masonry
37:55 Plate Mail Armor
37:35 Forging
37:46 Murder Holes
38:12 Ballistics
37:35 Halberdier
40:45 Conscription
41:41 Iron Casting
44:42 Blast Furnace
48:18 Gambesons
47:55 Man-at-Arms
52:35 Arson
A†ilA
11:36 Feudal Age
12:02 Double-Bit Axe
19:59 Castle Age
19:12 Forging
19:02 Scale Mail Armor
18:53 Horse Collar
20:04 Scale Mail Armor
26:25 Imperial Age
25:28 Heavy Plow
26:16 Bow Saw
32:07 Elite Berserk
35:48 Iron Casting
35:28 Chain Mail Armor
35:42 Capped Ram
37:14 Siege Ram
41:23 Fletching
42:35 Blast Furnace
42:06 Plate Mail Armor
45:29 Bogsveigar
45:47 Chieftains
50:03 Conscription
52:31 Elite Varangian Guard
Connection lost

Rejoining the realm…

Still unreachable

The connection could not be restored.

Session expired

The server has moved on; the page needs a fresh start.